 Dungeon Crawl Stone Soup version 0.20-a0-923-g548304e (webtiles) character file.

46 esteth the Ruffian (level 3, -2/36 HPs)
             Began as a Troll Monk on Mar 26, 2017.
             Slain by Crazy Yiuf
             ... wielding a +2 quarterstaff of chaos
              (4 damage)
             ... on level 2 of the Dungeon.
             The game lasted 00:03:28 (1717 turns).

esteth the Ruffian (Troll Monk)                     Turns: 1717, Time: 00:03:29

Health: -2/36      AC:  5    Str: 19    XL:     3   Next: 44%
Magic:  11/11      EV:  9    Int: 11    God:
Gold:   120        SH:  0    Dex: 13    Spells: 2/2 levels left

rFire    . . .     SeeInvis .     - Unarmed
rCold    . . .     Gourm    +   (no shield)
rNeg     . . .     Faith    .   a - +0 robe
rPois    .         Spirit   .   (helmet restricted)
rElec    .         Reflect  .   (no cloak)
rCorr    .         Harm     .   (gloves unavailable)
MR       +....                  (boots unavailable)
Stlth    +.........             (no amulet)
Regen    0.6/turn               d - ring of protection from magic
MPRegen  0.2/turn               h - ring of magical power

@: brilliant, hasted, heavily drained, very quick
A: unfitting armour, claws 3, fast metabolism 3, gourmand, regeneration 1,
shaggy fur 1, tough skin 2
a: no special abilities


You were on level 2 of the Dungeon.
You were completely stuffed.

You visited 1 branch of the dungeon, and saw 2 of its levels.

You collected 120 gold pieces.

Inventory:

Armour
 a - a +0 robe (worn)
Jewellery
 d - a ring of protection from magic (left claw)
 h - a ring of magical power (right claw)
Scrolls
 c - a scroll of teleportation {unknown}
 e - 2 scrolls of magic mapping {unknown}
 f - 4 scrolls of identify {unknown}
 g - a scroll of enchant armour {unknown}
 i - a scroll of remove curse {unknown}
 l - a scroll of fear {unknown}
 m - a scroll of blinking {unknown}
 o - a scroll of recharging {unknown}
Comestibles
 b - 5 bread rations
 k - a chunk of flesh


   Skills:
 - Level 2.4(1.0) Fighting
 - Level 2.4(1.0) Dodging
 - Level 1.0(0.0) Stealth
 + Level 4.5(3.0) Unarmed Combat


You had 2 spell levels left.
You didn't know any spells.

Dungeon Overview and Level Annotations

Branches:
Dungeon (2/15)

Altars:
Ashenzari
Cheibriados
Okawaru
Trog

Annotations:
D:2 Crazy Yiuf


Innate Abilities, Weirdness & Mutations

You are too large for most types of armour.
You have claws for hands.
Your metabolism is lightning-fast.
You like to eat raw meat.
Your natural rate of healing is unusually fast.
You are covered in fur. (AC +1)
You have very tough skin. (AC +2)


Message History

You barely miss Crazy Yiuf.
Crazy Yiuf is heavily wounded.
Crazy Yiuf hits you with a quarterstaff of chaos.
* * * LOW HITPOINT WARNING * * *
You feel drained.
* * * LOW HITPOINT WARNING * * *
You closely miss Crazy Yiuf.
Crazy Yiuf is heavily wounded.
You closely miss Crazy Yiuf.
Crazy Yiuf is heavily wounded.
Crazy Yiuf hits you with a quarterstaff of chaos.
* * * LOW HITPOINT WARNING * * *
Crazy Yiuf burns you.
* * * LOW HITPOINT WARNING * * *
It was a potion of brilliance.
You feel clever all of a sudden. Crazy Yiuf barely misses you.
It was a potion of haste.
You feel yourself speed up.
Crazy Yiuf hits you with a quarterstaff of chaos.
You die...

#######.....##.#
#.#.......#
........#.####.#
#.#.#######
##.######.# ###
#.#.# #.# #.#
##...#
#.######.##
##### #....#
#### #.........#
#)..# ###)##
#... ########..#
#...# #.# #.##
####..# #.g.#
#.# #.# ##(##..#
#@# #.# #.#
##.#.#..# #.##
###.# #.#
####.###...#
##.# #...# #.#
....## ##).#
#.## ##### #.#
####.###...#
##.# ###.# #
##.#.##.# ##.##
#...## #
##.###.# ##...#
#.#... # ### #.#
#.P.P# #.####
##########.#
##..## #.#


You could see Crazy Yiuf.

Vanquished Creatures
  An ooze (D:1)
  A dart slug (D:1)
  A leopard gecko (D:1)
  A ball python (D:1)
  2 bats (D:1)
  4 giant cockroaches
  10 hobgoblins
  6 goblins
  A kobold (D:2)
  8 rats
35 creatures vanquished.

Notes
Turn   | Place    | Note
-------+----------+-------------------------------------------
     0 | D:1      | esteth the Troll Monk began the quest for the Orb.
     0 | D:1      | Reached XP level 1. HP: 22/22 MP: 0/0
   145 | D:1      | Reached XP level 2. HP: 29/29 MP: 1/1
   397 | D:1      | Reached skill level 4 in Unarmed Combat
   955 | D:2      | Reached XP level 3. HP: 36/36 MP: 2/2
  1179 | D:2      | Found a runed door.
  1367 | D:2      | Found an iron altar of Okawaru.
  1369 | D:2      | Found a snail-covered altar of Cheibriados.
  1371 | D:2      | Found a bloodstained altar of Trog.
  1371 | D:2      | Found a shattered altar of Ashenzari.
  1707 | D:2      | Noticed Crazy Yiuf
  1715 | D:2      | HP: 1/36 [Crazy Yiuf/quarterstaff of chaos (1)]
  1717 | D:2      | Slain by Crazy Yiuf

Vault maps used:
D:1:      saegor_arrival_simple_c, serial_bayou_pond_e, minmay_misc_feat_square,
          st_stairs_11
D:2:      grunt_temple_overflow_open, first_bread, uniq_crazy_yiuf_cottage

Skill      XL: |  1  2 |
---------------+-------+-----
Unarmed Combat | 4 |  4.5
Fighting       | |  2.4
Dodging        | |  2.4
Stealth        | |  1.0

Action                   || total
-------------------------++-------
Melee: Unarmed           ||    86
       Punch             ||     2
  Use: Potion            ||     2
 Stab: Sleeping          ||     2
       Distracted        ||     1
  Eat: Chunk             ||    21
Armor: Robe              ||    28
Dodge: Dodged            ||    46
